 Dungeon Crawl Stone Soup version 0.30.0-18-gc0e69614cb (webtiles) character file.

Game seed: 18043434564856590144

42 AlmostDecent the Digger (level 3, -5/19 HPs)
             Began as a Gargoyle Earth Elementalist on May 25, 2023.
             Slain by Terence
             ... wielding the +7 Throatcutter {drain, coup de grace}
              (13 damage)
             ... on level 2 of the Dungeon.
             The game lasted 00:04:12 (905 turns).

AlmostDecent the Digger (GrEE)                       Turns: 905, Time: 00:04:12

Health: -5/19      AC:  6    Str: 11    XL:     3   Next: 56%
Magic:  3/6        EV: 12    Int: 17    God:
Gold:   57         SH:  0    Dex: 10    Spells: 6/7 levels left

rFire   . . .        (no weapon)
rCold   . . .        (no shield)
rNeg    + . .        a - +0 robe
rPois   ∞            (no helmet)
rElec   +            (no cloak)
rCorr   .            e - +0 pair of gloves
SInv    .            (no boots)
Will    .....        (no amulet)
Stlth   ++           (no ring)
HPRegen 0.23/turn    (no ring)
MPRegen 0.10/turn

%: no passive effects
@: no status effects
A: sickness immunity, AC +3, negative energy resistance 1, electricity
resistance, torment resistance 1, petrification resistance
a: no special abilities


You were on level 2 of the Dungeon.
You visited 1 branch of the dungeon, and saw 2 of its levels.

You collected 57 gold pieces.

Inventory:

Hand Weapons
 i - a +0 short sword
Missiles
 g - 3 poisoned darts
Armour
 a - a +0 robe (worn)
 e - a +0 pair of gloves (worn)
Scrolls
 b - a scroll of immolation {unknown}
 c - 2 scrolls of identify
 h - a scroll of fog {unknown}
Potions
 d - a potion of haste
 f - a potion of heal wounds {unknown}


   Skills:
 + Level 1.7 Dodging
 + Level 2.2 Stealth
 * Level 2.5 Spellcasting
 + Level 0.8 Transmutations
 * Level 4.6 Earth Magic


You had 6 spell levels left.
You knew the following spells:

 Your Spells              Type           Power      Damage    Failure   Level
a - Sandblast             Erth           36%        2d10      2%          1

Your spell library contained the following spells:

 Spells                   Type           Power      Damage    Failure   Level
 Passwall                 Tmut/Erth      9%         N/A       9%          2
 Stone Arrow              Conj/Erth      20%        3d8       22%         3
 Petrify                  Tmut/Erth      11%        N/A       52%         4


Dungeon Overview and Level Annotations

Branches:
Dungeon (2/15)

Altars:

Annotations:
D:2 Terence


Innate Abilities, Weirdness & Mutations

You are immune to sickness and miasma.
Your stone body is resilient. (AC +3)
You are immune to poison.
You resist negative energy. (rN+)
You are resistant to electric shocks. (rElec)
You are resistant to unholy torment.
You are immune to petrification.


Message History

A dart slug and a worm come into view.
Found a stone staircase leading down.
The blast of sand hits the dart slug!
The dart slug is almost dead.
The dart slug launches a dart at you. The slug dart hits you.
The blast of sand hits the dart slug!
You kill the dart slug!
The blast of sand hits the worm!
The worm is heavily wounded.
The blast of sand hits the worm!
You kill the worm!
Found a chain mail.
A frilled lizard comes into view.
You can't see any susceptible monsters within range! (Use Z to cast anyway.)
You can't see any susceptible monsters within range! (Use Z to cast anyway.)
The frilled lizard hisses angrily.
The blast of sand hits the frilled lizard.
You kill the frilled lizard!
A dart slug comes into view.
The blast of sand hits the dart slug!
You kill the dart slug!
Terence the Incautious comes into view.
He is wielding the +7 Throatcutter {drain, coup de grace}.
Terence shouts!
You see here a +0 chain mail.
The blast of sand hits Terence but does no damage.
A giant cockroach comes into view.
The blast of sand hits Terence.
Terence is lightly wounded.
The blast of sand hits Terence but does no damage.
Terence is lightly wounded.
Terence hits you with the +7 Throatcutter {drain, coup de grace}!
Ouch! That really hurt!
Okay, then.
As you read the scroll labelled ZOIXOCRIEPS, it crumbles to dust.
It is a scroll of identify.
d - a potion of haste Terence hits you with the +7 Throatcutter {drain, coup de grace}!
Ouch! That really hurt!
You die...

##.###.###### .# #.##
##.†.... ##
.#.####.###.#####. ..
...>..†..#..# #. .
.#..†####.#.# ## #.
#...# #.#.# .####.##...
#.#.# ###
....B.@..#.####.#.####..
#.#@###.............
#.#..#.###.##.####..
#......# #.##.# ###
###.##.###.##.# #
#.##........######
#.#...............
#.#.####.######### #.#.#
#.# #.#.# #.#########


You could see Terence and a giant cockroach.

Vanquished Creatures
  A worm (D:2)
  4 dart slugs
  A bat (D:1)
  3 endoplasms
  3 goblins (D:1)
  4 hobgoblins
  2 jackals (D:1)
  A quokka (D:1)
  A ball python (D:2)
  4 frilled lizards
  4 kobolds
  2 rats (D:1)
30 creatures vanquished.

Notes
Turn   | Place    | Note
-------+----------+-------------------------------------------
     0 | D:1      | AlmostDecent the Gargoyle Earth Elementalist began the
                  | quest for the Orb.
     0 | D:1      | Reached XP level 1. HP: 10/10 MP: 3/3
    91 | D:1      | Reached skill level 4 in Earth Magic
   119 | D:1      | Reached XP level 2. HP: 15/15 MP: 1/5
   448 | D:1      | Reached XP level 3. HP: 19/19 MP: 4/6
   901 | D:2      | Noticed Terence
   905 | D:2      | Slain by Terence

Illustrated notes

Levels and vault maps discovered:
D:1:      shiori_arrival_oz, layout_rooms
D:2:      layout_loops_ring, uniq_terence, uniq_robin

Skill      XL: |  1 |
---------------+----+-----
Earth Magic    | 4 |  4.6
Dodging        | |  1.7
Stealth        | |  2.2
Spellcasting   | |  2.5
Transmutations | |  0.8

Action                     || total
---------------------------++-------
   Cast: Sandblast         ||    47
    Use: Potion            ||     1
         Scroll            ||     1
 Armour: Robe              ||     5
  Dodge: Dodged            ||    19
